 Dungeon Crawl Stone Soup version 0.32-a0-20-ge526923d97 (webtiles) character file.

Game seed: 17199397217656544934

150 Laraso the Trooper (level 5, 47/47 HPs)
             Began as a Minotaur Artificer on Jan 18, 2024.
             Quit the game on level 3 of the Dungeon.
             The game lasted 00:02:23 (2486 turns).

Laraso the Trooper (Minotaur Artificer)             Turns: 2486, Time: 00:02:24

Health: 47/47      AC:  8    Str: 15 (16) XL:     5   Next: 10%
Magic:  4/4        EV:  9    Int:  8      God:
Gold:   177        SH:  7    Dex: 13      Spells: 4/4 levels left

rFire   . . .        o - +0 spear
rCold   . . .        u - +0 kite shield
rNeg    . . .        b - +0 leather armour
rPois   .            (helmet restricted)
rElec   .            (no cloak)
rCorr   .            (no gloves)
SInv    .            k - +0 pair of boots
Will    .....        (no amulet)
Stlth   +            t - +4 ring of protection
HPRegen 0.27/turn    (no ring)
MPRegen 0.09/turn

%: no passive effects
@: no status effects
A: horns 2, retaliatory headbutt
a: no special abilities


You were on level 3 of the Dungeon.
You visited 1 branch of the dungeon, and saw 3 of its levels.

You collected 177 gold pieces.

Inventory:

Hand Weapons
 o - a +0 spear (weapon)
Armour
 b - a +0 leather armour (worn)
 k - a +0 pair of boots (worn)
 u - a +0 kite shield (worn)
Jewellery
 t - a +4 ring of protection (left hand)
Wands
 c - a wand of flame (15) (quivered)
 d - a wand of charming (15)
 e - a wand of iceblast (5)
Scrolls
 a - 2 scrolls of vulnerability {unknown}
 g - a scroll of immolation {unknown}
 h - a scroll of blinking {unknown}
 j - a scroll of torment {unknown}
 l - 3 scrolls of teleportation {unknown}
 m - a scroll of noise {unknown}
 n - 2 scrolls of butterflies {unknown}
 p - 2 scrolls of fear {unknown}
 q - 2 scrolls of identify {unknown}
 r - 3 scrolls of enchant weapon {unknown}
Potions
 f - a potion of brilliance {unknown}
 i - a potion of heal wounds {unknown}
 s - a potion of cancellation {unknown}


   Skills:
 * Level 4.3 Fighting
 + Level 2.4 Maces & Flails
 + Level 2.1 Polearms
 - Level 2.4 Armour
 - Level 1.1 Dodging
 - Level 1.4 Stealth
 - Level 2.7 Evocations


You had 4 spell levels left.
You didn't know any spells.
Your spell library contained the following spells:

 Spells                   Type           Power      Damage    Failure   Level
 Fugue of the Fallen      Necr           0%         N/A       99%         3
 Ozocubu's Armour         Ice            0%         N/A       99%         3
 Manifold Assault         Tloc           0%         N/A       100%        4


Dungeon Overview and Level Annotations

Branches:
Dungeon (3/15)

Altars:
Cheibriados


Innate Abilities, Weirdness & Mutations

You have a pair of horns on your head.
You reflexively headbutt those who attack you in melee.


Message History

Natasha claws you.
You hit Natasha. You headbutt Natasha.
You kill Natasha!
Natasha yowls pathetically as she dies!
You feel your strength returning.
Your Polearms skill increases to level 2!
You have reached level 5!
Found a stone staircase leading up.
You pick up a book of Battle and begin reading...
You add the spells Fugue of the Fallen, Ozocubu's Armour and Manifold Assault to your library.
HP restored.
Found a kite shield.
You now have 177 gold pieces (gained 9).
You see here 3 poisoned darts.
You see here a +1 dagger of venom.
Found a stone staircase leading down.
A bat comes into view.
The bat misses you. You furiously retaliate!
You headbutt the bat, but do no damage. You closely miss the bat.
The bat barely misses you.
You reach to attack!
You barely miss the bat. The bat hits you but does no damage.
You closely miss the bat. The bat hits you but does no damage.
You miss the bat. The bat hits you but does no damage.
You closely miss the bat. The bat hits you but does no damage.
The bat closely misses you.
You hit the bat but do no damage. You headbutt the bat.
You kill the bat!
No target in view!
No target in view!
Search for what [Enter for "spear", or ? for help]? shield You see here a +1 dagger of venom.
Found a scroll labelled ACZINOXAGEM.
Found a stone staircase leading down.
You see here a +0 kite shield.
u - a +0 kite shield You start putting on your armour.
You continue putting on your +0 kite shield. x4
You finish putting on your +0 kite shield.
Are you sure you want to abandon this character and quit the game? (Confirm with "yes".)

####.........###.##
#.................##
..<...............
##...............##
###......#...####...
....................
##........(.†##....
##...#.........†....
#..@.#..............
#.#..#..............
#...................
#..##..#..#.........
#......#...........#
#..#.....##.........
#........##........#
............).......#
...........##.........


There were no monsters in sight!

Vanquished Creatures
  Natasha (twice) (D:3)
  2 adders (D:2)
  2 dart slugs (D:2)
  An orc (D:3)
  7 bats
  6 endoplasms
  4 giant cockroaches
  11 goblins
  5 hobgoblins
  8 jackals
  4 kobolds
  3 quokkas
  7 ball pythons
  5 rats
67 creatures vanquished.

Notes
Turn   | Place    | Note
-------+----------+-------------------------------------------
     0 | D:1      | Laraso the Minotaur Artificer began the quest for the Orb.
     0 | D:1      | Reached XP level 1. HP: 16/16 MP: 0/0
   115 | D:1      | Reached skill level 2 in Fighting
   126 | D:1      | Reached XP level 2. HP: 16/25 MP: 1/1
   277 | D:1      | Reached skill level 1 in Maces & Flails
   857 | D:1      | Reached skill level 3 in Fighting
  1064 | D:1      | Reached XP level 3. HP: 31/31 MP: 2/2
  1367 | D:2      | Reached skill level 1 in Stealth
  1558 | D:2      | Found a snail-covered altar of Cheibriados.
  1620 | D:2      | Reached XP level 4. HP: 37/39 MP: 3/3
  1684 | D:2      | Reached skill level 1 in Polearms
  2361 | D:3      | Noticed Natasha
  2366 | D:3      | Killed Natasha
  2367 | D:3      | Reached skill level 4 in Fighting
  2378 | D:3      | Noticed Natasha
  2387 | D:3      | Killed Natasha
  2388 | D:3      | Reached XP level 5. HP: 38/47 MP: 4/4
  2486 | D:3      | Quit the game

Illustrated notes

Levels and vault maps discovered:
D:1:      erik_arrival_triangle_medium, layout_basic
D:2:      kennysheep_the_goblin_king, layout_basic, basic_altar,
          minmay_quantized
D:3:      layout_rooms, jmf_multi_god_temple2, cheibrodos_gnoll_hut,
          uniq_natasha

Skill      XL: |  1  2  3  4 |
---------------+-------------+-----
Fighting       | 2 3 4 |  4.3
Maces & Flails | 1 2 |  2.4
Stealth        | 1 |  1.4
Polearms       | 2 |  2.1
Armour         | |  2.4
Dodging        | |  1.1
Evocations     | |  2.7

Action                     |  1- 3 |  4- 6 || total
---------------------------+-------+-------++-------
  Melee: Club              |    41 |       ||    41
         Headbutt          |    22 |     9 ||    31
         Spear             |    78 |    54 ||   132
         Punch             |       |     1 ||     1
    Use: Potion            |     2 |       ||     2
   Stab: Sleeping          |     2 |     1 ||     3
 Armour: Leather armour    |    83 |    24 ||   107
  Dodge: Dodged            |    56 |    26 ||    82

Table legend: (Time is in decaauts)
 A = Elapsed time spent in this place.
 B = Non-inter-level travel time spent in this place.
 C = Inter-level travel time spent in this place.
 D = Time resting spent in this place.
 E = Time spent auto-exploring this place.
 F = Levels seen in this place.
 G = Mean time per level.
                   A        B        C        D        E       F      G
               +--------+--------+--------+--------+--------+-----+--------+
         Total |   2504 |   2324 |    180 |     11 |   1888 |   3 |  834.7 |
       Dungeon |   2504 |   2324 |    180 |     11 |   1888 |   3 |  834.7 |
               +--------+--------+--------+--------+--------+-----+--------+

Top non-repeatable levels by time:
     D:1: 1249 daAuts
     D:2: 1073 daAuts
     D:3: 181 daAuts
